cohdb
Replays
Latest Replays
All Replays
Popular Replays
Top Player Replays
Match Explorer
How It Works
Community
CoH3 Stats
Reddit
Sign in to upload your games and track your stats! →
Sign in with Steam
Match 25070389
Unlisted
Match 25070389
Overview
Messages
Build Orders
End
Panzergrenadier Squad
250 Light Carrier
Panzergrenadier Squad
Construct Light Support Kompanie
MG34 Team
Fire Support Elements
Flakvierling Half-track
2.5-tonne Medical Truck
Pak 38 Anti-tank Gun Team
Panzerjäger Squad
Panzerpioneer Squad
Construct Panzerarmee Kommand
Walking Stuka Rocket Launcher
Schmu
Hammerdon
LeCharly
Eber
PAUG.S®
LuiSBa
0
0
Comments
sign in to comment!
No comments posted yet!